 Dungeon Crawl Stone Soup version 0.32-a0-473-gd044c6f0f0 (webtiles) character file.

Game seed: 2639302108188484323

50681 CougarLife the Earth Mage (level 14, -7/80 HPs)
             Began as a Gargoyle Earth Elementalist on Feb 25, 2024.
             Was a High Priest of Vehumet.
             Mangled by a yak (11 damage)
             ... on level 5 of the Lair of Beasts.
             The game lasted 00:37:09 (20034 turns).

CougarLife the Earth Mage (GrEE)                   Turns: 20034, Time: 00:37:10

Health: -7/80      AC: 21    Str: 14    XL:     14   Next: 56%
Magic:  40/40      EV: 11    Int: 22    God:    Vehumet [*****.]
Gold:   992        SH:  0    Dex: 10    Spells: 22/39 levels left

rFire   . . .        f - +2 dagger (elec)
rCold   + . .        (no shield)
rNeg    + . .        j - +3 leather armour {Will+}
rPois   ∞            h - +0 helmet {Int+3}
rElec   +            r - +1 cloak {Will+}
rCorr   .            O - +0 pair of gloves
SInv    .            o - +0 pair of boots
Will    +++..        g - amulet of magic regeneration
Stlth   ++           M - ring of protection from cold
HPRegen 0.33/turn    K - ring of magical power
MPRegen 0.67/turn

%: no passive effects
@: about to teleport, flying, slowed, very slow
A: sickness immunity, AC +10, big wings, negative energy resistance 1,
electricity resistance, torment resistance 1, petrification resistance
a: Renounce Religion


You were on level 5 of the Lair of Beasts.
You worshipped Vehumet.
Vehumet was extremely pleased with you.
You visited 3 branches of the dungeon, and saw 18 of its levels.
You also visited: Ossuary and Ice Cave.

You collected 1301 gold pieces.
You spent 309 gold pieces at shops.

Inventory:

Hand Weapons
 f - a +2 dagger of electrocution (weapon)
Armour
 h - a +0 helmet of intelligence (worn)
 j - a +3 leather armour of willpower (worn)
 o - a +0 pair of boots (worn)
 r - a +1 cloak of willpower (worn)
 y - a +1 kite shield of cold resistance
 O - a +0 pair of gloves (worn)
Jewellery
 g - an amulet of magic regeneration (around neck)
 q - a ring of resist corrosion
 I - a ring of positive energy
 K - a ring of magical power (right hand)
 M - a ring of protection from cold (left hand)
 S - the ring "Toethie" {Ice Str+3}
   (You found it on level 11 of the Dungeon)

   [ring of ice]

   Ice:       It enhances your ice magic.
   Str+3:     It affects your strength (+3).
   rF-:       It makes you vulnerable to fire.
   rC+:       It protects you from cold.
Wands
 i - a wand of flame (51)
 k - a wand of polymorph (37)
 t - a wand of iceblast (8)
 E - a wand of mindburst (21)
 L - a wand of digging (3)
 N - a wand of quicksilver (15)
 P - a wand of charming (8)
Scrolls
 a - 5 scrolls of enchant armour
 m - 4 scrolls of vulnerability
 p - 2 scrolls of revelation
 s - 4 scrolls of amnesia
 x - a scroll of summoning
 A - 3 scrolls of silence
 B - 2 scrolls of poison
 D - 2 scrolls of torment
 G - a scroll of teleportation
 J - 3 scrolls of immolation
 Q - a scroll of fog {unknown}
 T - a scroll of identify
Potions
 b - 2 potions of magic
 c - a potion of haste {unknown}
 e - 9 potions of curing
 l - a potion of brilliance
 n - 5 potions of degeneration
 u - 2 potions of lignification {unknown}
 v - a potion of ambrosia {unknown}
 w - a potion of might {unknown}
 z - 2 potions of resistance
 C - 2 potions of enlightenment
 F - a potion of attraction {unknown}
 H - 2 potions of invisibility {unknown}
 R - a potion of mutation {unknown}


   Skills:
 + Level 6.1 Fighting
 - Level 1.5 Dodging
 - Level 2.1 Stealth
 + Level 13.3 Spellcasting
 + Level 15.3 Conjurations
 + Level 16.9 Earth Magic


You had 22 spell levels left.
You knew the following spells:

 Your Spells              Type           Power      Damage    Failure   Level
a - Sandblast             Erth           100%       2d20      0%          1
b - Stone Arrow           Conj/Erth      100%       3d13      0%          3
c - Freezing Cloud        Conj/Ice/Air   18%        6-21      5%          5
d - Lehudib's Crystal Sp  Conj/Erth      36%        10d9      13%         8

Your spell library contained the following spells:

 Spells                   Type           Power      Damage    Failure   Level
 Passwall                 Erth           73%        N/A       0%          3
 Freeze                   Ice            56%        1d7       1%          1
 Hailstorm                Conj/Ice       48%        3d10      1%          3
 Animate Armour           Summ/Erth      100%       N/A       1%          4
 Brom's Barrelling Bould  Conj/Erth      72%        2d9       1%          4
 Fulminant Prism          Conj/Alch      24%        3d12      1%          4
 Iskenderun's Mystic Bla  Conj/Tloc      48%        2d11      1%          4
 Petrify                  Alch/Erth      51%        N/A       1%          4
 Irradiate                Conj/Alch      24%        3d19      1%          5
 Iskenderun's Battlesphe  Conj           70%        2d12      1%          5
 Bombard                  Conj/Erth      36%        9d6       1%          6
 Orb of Destruction       Conj           35%        9d10      2%          7
 Frozen Ramparts          Ice            28%        1d5       4%          3
 Volatile Blastmotes      Fire/Tloc      28%        2d12      4%          3
 Ensorcelled Hibernation  Hex/Ice        28%        N/A       9%          2
 Jinxbite                 Hex            28%        N/A       9%          2
 Swiftness                Air            14%        N/A       16%         3
 Yara's Violent Unravell  Hex/Alch       7%         3d5       36%         5
 Spellforged Servitor     Conj/Summ      24%        N/A       43%         7
 Summon Blazeheart Golem  Fire/Summ      14%        N/A       47%         4
 Enfeeble                 Hex            7%         N/A       100%        7
 Sublimation of Blood     Necr           Unusable   N/A       N/A         2

Dungeon Overview and Level Annotations

Branches:
Dungeon (12/15)            Temple (1/1) D:5            Lair (5/5) D:11
  Swamp (0/4) Lair:2       Spider (0/4) Lair:3          Orc (0/2) D:10
Ossuary (visited)           IceCv (visited)
  Slime: Lair:4-5

Altars:
Ashenzari
Cheibriados
Dithmenos
Elyvilon
Fedhas
Gozag
Hepliaklqana
Kikubaaqudgha
Makhleb
Nemelex Xobeh
Okawaru
Qazlal
Ru
Sif Muna
Trog
Uskayaw
Vehumet
Wu Jian
Xom
Yredelemnul
Zin
The Shining One

Shops:
D:7 =([[   D:10 [


Innate Abilities, Weirdness & Mutations

You are immune to sickness and miasma.
Your stone body is resilient. (AC +10)
You are immune to poison.
Your large and strong wings let you fly.
You resist negative energy. (rN+)
You are resistant to electric shocks. (rElec)
You are resistant to unholy torment.
You are immune to petrification.


Message History

You feel yourself speed up.
The catoblepas attacks as it pursues you!
The catoblepas gores you but does no damage.
Being near the torpor snail leaves you feeling lethargic.
A yak comes into view.
Okay, then.
You feel much better. The catoblepas misses you. The yak gores you!
You feel yourself speed up. The cane toad closely misses you.
The yak attacks as it pursues you! The yak gores you but does no damage.
A blink frog comes into view.
Being near the torpor snail leaves you feeling lethargic.
The cane toad stings you.
You hit the catoblepas.
The catoblepas is lightly wounded.
The blink frog blinks!
The yak gores you but does no damage.
The cane toad stings you but does no damage.
The catoblepas gores you!
A death yak comes into view.
The cane toad stings you!
* * * LOW HITPOINT WARNING * * *
As you read the scroll of teleportation, it crumbles to dust.
You feel strangely unstable.
The sentinel's mark upon you fades away.
The yak barely misses you. The catoblepas closely misses you.
The yak closely misses you. The cane toad stings you.
* * * LOW HITPOINT WARNING * * *
The yak gores you but does no damage. The yak gores you!
* * * LOW HITPOINT WARNING * * *
The yak closely misses you.
The catoblepas breathes a plume of calcifying dust at you.
The blast of calcifying dust hits you.
* * * LOW HITPOINT WARNING * * *
The blast of calcifying dust hits the yak.
A death yak comes into view.
You feel better.
The blink frog blinks! x2; The cane toad stings you!
* * * LOW HITPOINT WARNING * * *
The yak is engulfed in calcifying dust.
The yak is moving more slowly.
The yak gores you!
You die...

........###......###
............ßY.....###
................ß....#######
............Yß........##...###
..........F......Fß..##.#....(
...........ß.YSY......#.......
.............Y§w§...Y.........
............YYY###..........†.
...........YY@Y§####..........
#P..........F#..# #..........
####...<.....####......S......
####....#.# #.............
#.#..#...# ##.......[....
##....#.## #............
........# #............
...#....# ..#.#....


You could see 3 death yaks, a catoblepas, a torpor snail, 7 yaks, a cane toad, 2
blink frogs and a water moccasin.

Vanquished Creatures
  2 hydras
  A ghost crab (Lair:2)
  2 boulder beetles
  A centaur warrior (D:9)
  2 catoblepae
  7 death yaks
  A two-headed ogre (D:12)
  3 skysharks (Lair:4)
  Amaemon (Lair:2)
  An obsidian statue (D:11)
  Pikel (D:7)
  2 ugly things
  2 oklob plants (Lair:3)
  3 elephants (Lair:3)
  Maurice (D:7)
  A cyclops (D:11)
  2 black mambas (Lair:3)
  An orange demon (Lair:2)
  9 cane toads
  2 gargoyles
  Joseph (D:10)
  An ice statue (IceCv)
  3 komodo dragons
  2 kobold demonologists
  2 rime drakes
  2 ice devils (D:12)
  A tengu conjurer (D:9)
  12 polar bears
  3 trolls
  21 blink frogs
  A spectral black mamba (Lair:2)
  A wraith (D:11)
  56 yaks
  3 wyverns
  A basilisk (Lair:3)
  A warg (D:10)
  3 steam dragons
  3 vampire mosquitoes (Lair:3)
  A spectral cane toad (Lair:2)
  Edmund (D:5)
  11 water moccasins
  A spectral yak (Lair:2)
  5 orc warriors
  A spectral blink frog (Lair:2)
  7 black bears
  32 wolves
  11 centaurs
  2 lemures (D:7)
  3 phantoms
  5 kobold brigands
  12 bullfrogs
  5 scorpions
  3 gnoll sergeants
  9 wights
  12 killer bees
  2 electric eels (D:5)
  A bombardier beetle (D:5)
  5 jellies
  Crazy Yiuf (D:4)
  2 gnoll boudas (D:7)
  11 orc priests
  A hound (D:4)
  4 iguanas
  2 sleepcaps
  Ijyb (D:5)
  15 orc wizards
  8 hell rats
  A centaur simulacrum (D:9)
  8 mummies (Ossuary)
  11 gnolls
  8 adders
  2 white imps
  2 ufetubi (D:6)
  3 ribbon worms
  3 dart slugs
  38 orcs
  4 ball pythons
  11 bats
  6 endoplasms
  8 giant cockroaches
  2 gnoll zombies (Ossuary)
  5 goblins
  7 hobgoblins
  6 jackals (D:5)
  22 kobolds
  4 quokkas
  4 frilled lizards
  4 hobgoblin zombies (Ossuary)
  A kobold zombie (Ossuary)
  An orc zombie (Ossuary)
  3 rats (D:1)
500 creatures vanquished.

Notes
Turn   | Place    | Note
-------+----------+-------------------------------------------
     0 | D:1      | CougarLife the Gargoyle Earth Elementalist began the quest
                  | for the Orb.
     0 | D:1      | Reached XP level 1. HP: 10/10 MP: 3/3
   241 | D:1      | Reached XP level 2. HP: 15/15 MP: 3/5
   305 | D:1      | Reached skill level 4 in Earth Magic
   604 | D:1      | Reached XP level 3. HP: 19/19 MP: 4/6
  1284 | D:2      | Found a faded altar of an unknown god.
  1638 | D:2      | Reached XP level 4. HP: 19/24 MP: 5/8
  2096 | D:3      | Noticed a black bear
  2104 | D:3      | Killed a black bear
  2105 | D:3      | Reached skill level 5 in Earth Magic
  2105 | D:3      | Reached XP level 5. HP: 21/28 MP: 6/10
  2109 | D:3      | Learned a level 3 spell: Stone Arrow
  2858 | D:4      | Reached XP level 6. HP: 32/32 MP: 9/11
  3108 | D:4      | Reached skill level 6 in Earth Magic
  3117 | D:4      | Reached XP level 7. HP: 21/36 MP: 10/13
  3194 | D:4      | Found a runed translucent door.
  3195 | D:4      | Noticed Crazy Yiuf
  3343 | D:4      | Killed Crazy Yiuf
  3432 | D:5      | Entered Level 5 of the Dungeon
  3432 | D:5      | Found a transporter.
  3473 | D:5      | Noticed Ijyb
  3481 | D:5      | Killed Ijyb
  3500 | D:5      | Reached skill level 5 in Conjurations
  3524 | D:5      | Found a transporter.
  3537 | D:5      | Noticed Edmund
  3583 | D:5      | Reached skill level 5 in Spellcasting
  3583 | D:5      | Reached skill level 7 in Earth Magic
  3583 | D:5      | Reached XP level 8. HP: 18/41 MP: 15/15
  3713 | D:5      | Killed Edmund
  4075 | D:5      | Found a staircase to the Ecumenical Temple.
  4403 | D:6      | Reached skill level 8 in Earth Magic
  4540 | Temple   | Entered the Ecumenical Temple
  4571 | Temple   | Became a worshipper of Vehumet
  4691 | D:6      | Found a bloodstained altar of Trog.
  4710 | D:6      | Found a sand-covered staircase.
  4720 | Ossuary  | Entered an ossuary
  4842 | Ossuary  | Reached XP level 9. HP: 45/45 MP: 16/18
  5187 | D:6      | Reached * piety under Vehumet
  5187 | D:6      | Offered knowledge of Foxfire by Vehumet.
  5693 | D:7      | Noticed a kobold demonologist
  5695 | D:7      | Killed a kobold demonologist
  5696 | D:7      | Reached skill level 9 in Earth Magic
  5744 | D:7      | Found Luxzukhoajad's Armour Shoppe.
  5815 | D:7      | Found Rujupt's Weapon Emporium.
  5831 | D:7      | Noticed Pikel
  5841 | D:7      | Killed Pikel
  5892 | D:7      | Noticed Maurice
  5918 | D:7      | Maurice stole a ring of positive energy
  5919 | D:7      | Killed Maurice
  5920 | D:7      | Reached skill level 10 in Earth Magic
  5920 | D:7      | Reached XP level 10. HP: 32/50 MP: 11/21
  6006 | D:7      | Found Ostrareno's Jewellery Shoppe.
  6112 | D:7      | Bought a ring of magical power for 260 gold pieces
  6671 | D:7      | Found Tabueriq's Armour Shoppe.
  7099 | D:8      | Reached ** piety under Vehumet
  7130 | D:8      | Offered knowledge of Static Discharge by Vehumet.
  7830 | D:7      | Bought a +0 pair of gloves for 49 gold pieces
  7914 | D:9      | Found a blossoming altar of Fedhas.
  8016 | D:9      | Reached skill level 11 in Earth Magic
  8102 | D:9      | Offered knowledge of Searing Ray by Vehumet.
  8273 | D:9      | Reached skill level 10 in Conjurations
  8354 | D:9      | Reached *** piety under Vehumet
  8647 | D:9      | Noticed a centaur warrior
  8657 | D:9      | Killed a centaur warrior
  8658 | D:9      | Reached XP level 11. HP: 17/54 MP: 24/24
  9088 | D:10     | Entered Level 10 of the Dungeon
  9102 | D:10     | Reached skill level 12 in Earth Magic
  9215 | D:10     | Offered knowledge of Iskenderun's Mystic Blast by Vehumet.
  9244 | D:10     | Found Recagh's Antique Armour Emporium.
  9369 | D:10     | Found a staircase to the Orcish Mines.
  9372 | D:10     | HP: 2/54 [gargoyle/stone arrow (29)]
  9552 | D:10     | You fall into a shaft and drop 2 floors!
  9635 | D:12     | Found a frozen archway.
  9651 | IceCv    | Entered an ice cave
  9858 | IceCv    | Noticed a white ugly thing
  9882 | IceCv    | Killed a white ugly thing
  9882 | IceCv    | Reached **** piety under Vehumet
  9883 | IceCv    | Reached skill level 10 in Spellcasting
 10073 | IceCv    | Reached skill level 13 in Earth Magic
 10250 | IceCv    | Offered knowledge of Freezing Cloud by Vehumet.
 10277 | IceCv    | Reached XP level 12. HP: 12/59 MP: 12/26
 10475 | IceCv    | Learned a level 5 spell: Freezing Cloud
 11001 | IceCv    | Noticed a death yak
 11010 | IceCv    | Killed a death yak
 11346 | IceCv    | Reached skill level 14 in Earth Magic
 11384 | IceCv    | Noticed a death yak
 11384 | IceCv    | Noticed a death yak
 11385 | IceCv    | Noticed an ironbound frostheart
 11596 | D:12     | Noticed a two-headed ogre
 11601 | D:12     | Killed a two-headed ogre
 11891 | D:10     | Noticed Joseph
 11894 | D:10     | Killed Joseph
 12319 | D:11     | Found a staircase to the Lair.
 12803 | D:11     | Identified the ring "Toethie" {Ice Str+3}
 12903 | D:11     | Noticed a sun demon
 13254 | D:11     | Identified the +1 mace "Sarcophage" {venom, rPois}
 13294 | D:11     | Noticed a catoblepas
 13304 | D:11     | Killed a catoblepas
 13874 | Lair:1   | Entered Level 1 of the Lair of Beasts
 13874 | Lair:1   | Noticed a catoblepas
 13883 | Lair:1   | Killed a catoblepas
 13884 | Lair:1   | Reached skill level 15 in Earth Magic
 13884 | Lair:1   | Reached XP level 13. HP: 42/63 MP: 22/28
 14064 | Lair:1   | Reached ***** piety under Vehumet
 14265 | Lair:1   | Offered knowledge of Fireball by Vehumet.
 15403 | Lair:2   | Noticed Amaemon
 15410 | Lair:2   | Killed Amaemon
 15566 | Lair:2   | Reached skill level 1 in Fighting
 15610 | Lair:2   | Found a staircase to the Swamp.
 16560 | Lair:2   | Upgraded the game from 0.32-a0-468-g38b2580584 to
                  | 0.32-a0-473-gd044c6f0f0
 16781 | Lair:3   | Reached skill level 16 in Earth Magic
 16941 | Lair:3   | Offered knowledge of Bombard by Vehumet.
 17409 | Lair:3   | Gained mutation: Your large and strong wings let you fly.
                  | [Gargoyle growth]
 17409 | Lair:3   | Reached XP level 14. HP: 71/75 MP: 28/30
 17585 | Lair:3   | Found a hole to the Spider Nest.
 17743 | Lair:3   | Found a blossoming altar of Fedhas.
 18689 | Lair:4   | Reached skill level 15 in Conjurations
 18789 | Lair:4   | Reached skill level 5 in Fighting
 19445 | Lair:4   | Learned a level 8 spell: Lehudib's Crystal Spear
 19965 | Lair:5   | Entered Level 5 of the Lair of Beasts
 20033 | Lair:5   | HP: 3/80 [catoblepas/blast of calcifying dust (3)]
 20034 | Lair:5   | Mangled by a yak

Illustrated notes

Levels and vault maps discovered:
D:1:      dpeg_arrival_lava_temple_mockup, layout_loops_corners
D:2:      layout_basic, shapermc_ecumenical_altar_totnotflames
D:3:      layout_basic, nicolae_houndstooth_variations
D:4:      layout_basic, uniq_crazy_yiuf_cottage
D:5:      gammafunk_steamed_eel, layout_basic, minmay_temple_entry_from_below_a,
          minmay_misc_feat_doors, uniq_ijyb, uniq_edmund
D:6:      layout_gridville, trog_book, nicolae_ossuary_entry_ruins
D:7:      nicolae_cairo_tiling, layout_basic, serial_shops, shop,
          nicolae_shop_statue_plus, nicolae_shop_pleasant_corner_grove,
          nicolae_diamond_shop, kennysheep_nondescript, uniq_maurice, uniq_pikel
D:8:      layout_loops_ring
D:9:      minmay_chambers_of_sixes, layout_irregular_city, fedhas_altar_2
D:10:     layout_loops_ring, david_orc_3, serial_shops, shop, uniq_joseph
D:11:     minmay_statue_hallways, layout_loops_ring,
          due_lair_maze_entry_diamond, chequers_garden
D:12:     layout_irregular_city, portal_ice_cave_demonic_guard
Temple:   mainiacjoe_temple_big_plus
Lair:1:   layout_loops_ring
Lair:2:   layout_cave_pods, nicolae_swamp_entry_spooky, beast_lair_carwin_1,
          uniq_amaemon
Lair:3:   layout_roguey, nicolae_spider_entry_non_spiders,
          hangedman_tree_tricks, roderic_carrion_pond,
          chequers_serial_rivers_micro_e
Lair:4:   layout_layer_cave, grunt_megastairs_2
Lair:5:   evilmike_catoblepas_cave, layout_cave_pods,
          nicolae_slime_entry_slimehenge

Skill      XL: |  1  2  3  4  5  6  7  8  9 10 11 12 13 14 |
---------------+-------------------------------------------+-----
Earth Magic    | 4 5 6 7 8 10 11 13 15 16 | 16.9
Conjurations   | 2 3 4 5 6 8 10 11 13 14 15 | 15.3
Spellcasting   | 3 4 5 6 7 9 10 11 12 13 | 13.3
Fighting       | 3 6 |  6.1
Dodging        | |  1.5
Stealth        | |  2.1

Action                     |  1- 3 |  4- 6 |  7- 9 | 10-12 | 13-15 || total
---------------------------+-------+-------+-------+-------+-------++-------
  Melee: Unarmed           |     3 |       |       |       |       ||     3
         Dagger            |     6 |     4 |     2 |     2 |     9 ||    23
   Cast: Sandblast         |    50 |    71 |   133 |   164 |   111 ||   529
         Stone Arrow       |       |       |    31 |   191 |   109 ||   331
         Freezing Cloud    |       |       |       |    36 |    54 ||    90
         Lehudib's Crystal |       |       |       |       |     4 ||     4
  Evoke: Wand              |       |       |       |     1 |       ||     1
    Use: Scroll            |       |       |       |    23 |     4 ||    27
         Potion            |       |       |       |     3 |     2 ||     5
 Armour: Robe              |    15 |    12 |       |       |       ||    27
         Leather armour    |       |    25 |    66 |   221 |   141 ||   453
  Dodge: Dodged            |    23 |    16 |    36 |   150 |    55 ||   280

Table legend: (Time is in decaauts)
 A = Elapsed time spent in this place.
 B = Non-inter-level travel time spent in this place.
 C = Inter-level travel time spent in this place.
 D = Time resting spent in this place.
 E = Time spent auto-exploring this place.
 F = Levels seen in this place.
 G = Mean time per level.
                   A        B        C        D        E       F      G
               +--------+--------+--------+--------+--------+-----+--------+
         Total |  20324 |  19518 |    806 |   5627 |   9896 |  20 | 1016.2 |
       Dungeon |  11987 |  11371 |    616 |   2055 |   7151 |  12 |  998.9 |
        Temple |     61 |      2 |     59 |      0 |      0 |   1 |   61.0 |
          Lair |   6123 |   5992 |    131 |   2426 |   2592 |   5 | 1224.6 |
       Ossuary |    264 |    264 |      0 |     41 |     89 |   1 |  264.0 |
      Ice Cave |   1887 |   1887 |      0 |   1105 |     64 |   1 | 1887.0 |
               +--------+--------+--------+--------+--------+-----+--------+

Top non-repeatable levels by time:
  Lair:3: 2128 daAuts
   IceCv: 1887 daAuts
  Lair:2: 1727 daAuts
    D:11: 1683 daAuts
     D:1: 1274 daAuts
  Lair:4: 1273 daAuts
     D:9: 1234 daAuts
     D:7: 1226 daAuts
    D:10: 1155 daAuts
     D:8: 1052 daAuts
     D:6: 984 daAuts
     D:5: 942 daAuts
  Lair:1: 915 daAuts
     D:3: 857 daAuts
     D:2: 713 daAuts
